 Dungeon Crawl Stone Soup version 0.30-a0-948-g4fa250aae5 (webtiles) character file.

Game seed: 328380449876440672

11535 billz999 the Skirmisher (level 11, -4/94 HPs)
             Began as a Yellow Draconian Air Elementalist on Mar 26, 2023.
             Was an Initiate of Gozag.
             Slain by a harpy skeleton (9 damage)
             ... on level 3 of the Abyss.
             The game lasted 01:00:43 (20517 turns).

billz999 the Skirmisher (DrAE)                     Turns: 20517, Time: 01:00:43

Health: -4/94      AC:  8    Str: 11    XL:     11   Next: 50%
Magic:  6/21       EV: 17    Int: 19    God:    Gozag
Gold:   1181       SH:  0    Dex: 12    Spells: 6/24 levels left

rFire   . . .      SeeInvis +    D - +0 shortbow
rCold   . . .      Faith    .    (shield currently unavailable)
rNeg    . . .      Spirit   .    (body armour unavailable)
rPois   .          Reflect  .    (helmet restricted)
rElec   .          Rampage  .    (no cloak)
rCorr   +                        (no gloves)
Will    .....                    w - +0 pair of boots
Stlth   +++                      H - amulet of regeneration
HPRegen 1.15/turn                v - +5 ring of evasion
MPRegen 0.17/turn                d - ring of see invisible

@: about to teleport, very slightly contaminated
A: spit acid, AC +7, unfitting armour, cold-blooded, acid resistance
a: Breathe Acid, Renounce Religion, Potion Petition, Call Merchant, Bribe Branch


You were on level 3 of the Abyss.
You worshipped Gozag.
Gozag was most pleased with you.
You visited 2 branches of the dungeon, and saw 12 of its levels.
You visited the Abyss 1 time.

You collected 2006 gold pieces.
You paid 825 gold pieces to Gozag.

Inventory:

Hand Weapons
 a - a +0 dagger of speed
 j - a +0 dagger
 B - a +3 short sword
 D - a +0 shortbow (weapon)
Missiles
 f - 34 poisoned darts
 E - a curare-tipped dart
Armour
 t - a +0 helmet
 w - a +0 pair of boots (worn)
Magical Staves
 y - a staff of poison
Jewellery
 d - a ring of see invisible (right hand)
 u - a ring of poison resistance
 v - a +5 ring of evasion (left hand)
 H - an amulet of regeneration (around neck)
Wands
 I - a wand of flame (1)
 J - a wand of mindburst (4)
 L - a wand of digging (3)
Scrolls
 b - a scroll of immolation
 c - 3 scrolls of fear
 g - 3 scrolls of magic mapping
 h - a scroll of identify
 i - 5 scrolls of teleportation
 k - 3 scrolls of enchant weapon
 C - 2 scrolls of torment
 G - a scroll of fog
 K - a scroll of amnesia {unknown}
Potions
 e - 3 potions of curing
 l - 3 potions of lignification
 m - a potion of resistance
 o - 4 potions of might
 p - 2 potions of ambrosia
 q - 3 potions of degeneration
 r - 5 potions of flight
 s - 2 potions of brilliance
 x - a potion of berserk rage {unknown}
 z - a potion of attraction {unknown}
 A - 2 potions of invisibility {unknown}
 F - 3 potions of mutation {unknown}


   Skills:
 - Level 8.0 Fighting
 - Level 9.2 Ranged Weapons
 - Level 1.7 Dodging
 - Level 5.0 Stealth
 - Level 7.0 Spellcasting
 + Level 5.0 Conjurations
 - Level 3.0 Hexes
 + Level 5.7 Transmutations
 - Level 7.0 Air Magic


You had 6 spell levels left.
You knew the following spells:

 Your Spells              Type           Power      Damage    Failure   Level
a - Shock                 Conj/Air       100%       1d9       1%          1
b - Static Discharge      Conj/Air       58%        2-5/arc   1%          2
c - Dazzling Flash        Conj/Hex       42%        N/A       6%          3
d - Swiftness             Air            33%        N/A       1%          3
e - Airstrike             Air            16%        2d(3-19)  5%          4
f - Irradiate             Conj/Tmut      13%        3d16      30%         5

Your spell library contained the following spells:

 Spells                   Type           Power      Damage    Failure   Level
 Passwall                 Tmut/Erth      14%        N/A       4%          2
 Apportation              Tloc           12%        N/A       10%         1
 Freeze                   Ice            24%        1d4       10%         1
 Necrotise                Necr           24%        1d5       10%         1
 Sandblast                Erth           12%        2d6       10%         1
 Summon Small Mammal      Summ           24%        N/A       10%         1
 Hailstorm                Conj/Ice       16%        3d6       11%         3
 Stone Arrow              Conj/Erth      32%        3d9       11%         3
 Ignite Poison            Fire/Tmut/Pois 13%        N/A       14%         3
 Sublimation of Blood     Necr           6%         N/A       16%         2
 Summon Guardian Golem    Hex/Summ       12%        N/A       16%         3
 Call Canine Familiar     Summ           6%         N/A       30%         3
 Frozen Ramparts          Ice            12%        1d2       30%         3
 Gell's Gravitas          Tloc           6%         N/A       30%         3
 Ozocubu's Armour         Ice            6%         N/A       30%         3
 Teleport Other           Tloc           6%         N/A       30%         3
 Petrify                  Tmut/Erth      17%        N/A       30%         4
 Sticky Flame             Conj/Fire      16%        2d4       34%         4
 Silence                  Hex/Air        12%        N/A       34%         5
 Agony                    Necr           6%         N/A       95%         5
 Dispersal                Tloc           3%         N/A       100%        6
 Ozocubu's Refrigeration  Ice            3%         4d8       100%        7
 Ignition                 Fire           3%         3d4       100%        8


Dungeon Overview and Level Annotations

Branches:
Dungeon (11/15)            Temple (1/1) D:5            Lair (0/5) D:11
    Orc (0/2) D:9

Altars:
Ashenzari
Cheibriados
Dithmenos
Elyvilon
Fedhas
Gozag
Hepliaklqana
Kikubaaqudgha
Makhleb
Nemelex Xobeh
Okawaru
Qazlal
Ru
Sif Muna
Trog
Uskayaw
Vehumet
Wu Jian
Xom
Yredelemnul
Zin
The Shining One

Shops:
D:3 [   D:7 (*   D:10 *

Annotations:
D:9 exclusion: orange crystal statue


Innate Abilities, Weirdness & Mutations

You can spit globs of acid.
Your golden yellow scales are hard. (AC +7)
You cannot fit into any form of body armour.
You are cold-blooded and may be slowed by cold attacks.
You are resistant to acid. (rCorr)


Message History

* * * LOW HITPOINT WARNING * * *
Unknown command.
Casting: Airstrike (dangerous; 5% risk of failure)
Confirm with . or Enter, or press ? or * to list all spells.
The harpy skeleton is struck by an arc of lightning.
The harpy skeleton is moderately damaged.
You are struck by an arc of lightning.
* * * LOW HITPOINT WARNING * * *
The small abomination is struck by an arc of lightning.
The small abomination is lightly damaged.
You are struck by an arc of lightning.
* * * LOW HITPOINT WARNING * * *
The lightning grounds out.
The harpy skeleton completely misses you.
The harpy skeleton misses you. The harpy skeleton claws you!
* * * LOW HITPOINT WARNING * * *
The harpy skeleton completely misses you.
The small abomination hits you.
* * * LOW HITPOINT WARNING * * *
Unknown command.
Casting: Static Discharge (safe; 1% risk of failure)
Confirm with . or Enter, or press ? or * to list all spells.
The small abomination is struck by an arc of lightning.
The small abomination is heavily damaged.
You are struck by an arc of lightning.
* * * LOW HITPOINT WARNING * * *
The small abomination is struck by an arc of lightning.
The small abomination is severely damaged.
The lightning grounds out.
The harpy skeleton is struck by an arc of lightning.
The harpy skeleton is moderately damaged.
You are struck by an arc of lightning.
* * * LOW HITPOINT WARNING * * *
The small abomination is struck by an arc of lightning.
The small abomination is almost destroyed.
The lightning grounds out.
The harpy skeleton barely misses you.
The harpy skeleton claws you but does no damage.
The harpy skeleton claws you!
You die...
Your body crumbles into a pile of gold.

## ####.## ### # .#
# . .##x. .. ... .
##..# .# .. ..# #
#. ##...##.. . ..
...#.#.#..#.### ##
. ... #
....#....#..# ... .
...
#...#.##########
##..#.....x@Z......
##..#########..###
.#..##..#. # # #
...# .#...#
.##X.###.#.. # .#
... .# # ###.....##
#....#.### #### # #


You could see a small abomination and a harpy skeleton.

Vanquished Creatures
  Erica (D:11)
  2 death yaks
  A gargoyle (D:11)
  A komodo dragon (D:10)
  4 trolls
  A wraith (D:11)
  20 yaks
  A shadow (D:9)
  3 wyverns
  2 steam dragons
  3 wargs
  2 orc warriors
  A sky beast (D:6)
  2 ice beasts (D:7)
  3 centaurs
  An ogre (D:4)
  A phantom (D:6)
  2 kobold brigands
  Blork the orc (D:4)
  3 gnoll sergeants
  3 bullfrogs (D:8)
  3 scorpions
  13 wights
  A killer bee (D:5)
  2 howler monkeys
  10 hounds
  2 gnoll boudas (D:7)
  An orc priest (D:7)
  2 sleepcaps
  4 iguanas
  11 orc wizards
  A mummy (D:5)
  19 gnolls
  12 adders
  A shadow imp (D:6)
  A white imp (D:7)
  An ufetubus (D:5)
  2 worms (D:2)
  A dart slug (D:1)
  44 orcs
  2 endoplasms (D:1)
  7 giant cockroaches
  5 goblins
  5 hobgoblins
  7 jackals
  3 quokkas
  6 ball pythons
  3 bats
  2 frilled lizards (D:3)
  13 kobolds
  5 rats
247 creatures vanquished.

Vanquished Creatures (others)
  A two-headed ogre (D:8)
  2 orcs (D:9)
  57 plants
60 creatures vanquished.

Grand Total: 307 creatures vanquished

Notes
Turn   | Place    | Note
-------+----------+-------------------------------------------
     0 | D:1      | billz999 the Draconian Air Elementalist began the quest for
                  | the Orb.
     0 | D:1      | Reached XP level 1. HP: 14/14 MP: 3/3
   333 | D:1      | Reached XP level 2. HP: 20/20 MP: 1/5
  1128 | D:1      | Learned a level 2 spell: Static Discharge
  1203 | D:1      | Reached XP level 3. HP: 26/26 MP: 3/6
  3100 | D:3      | Reached XP level 4. HP: 33/33 MP: 5/8
  3195 | D:3      | Learned a level 3 spell: Dazzling Flash
  3199 | D:3      | Learned a level 3 spell: Swiftness
  3457 | D:3      | Found Izxungyn's Armour Emporium.
  4032 | D:4      | Noticed Blork the orc
  4032 | D:4      | Noticed an ogre
  4426 | D:4      | Killed an ogre
  4427 | D:4      | Reached XP level 5. HP: 9/38 MP: 4/9
  4512 | D:4      | Reached skill level 5 in Conjurations
  4792 | D:4      | Killed Blork the orc
  4793 | D:4      | Reached skill level 1 in Hexes
  4793 | D:4      | Reached XP level 6. HP: 7/45 MP: 7/10
  5766 | D:5      | Entered Level 5 of the Dungeon
  6049 | D:5      | Found a staircase to the Ecumenical Temple.
  6155 | Temple   | Entered the Ecumenical Temple
  6297 | Temple   | Became a worshipper of Gozag Ym Sagoz the Greedy
  6460 | D:5      | Your scales start taking on a golden yellow colour.
  6460 | D:5      | Reached XP level 7. HP: 46/50 MP: 8/11
  6460 | D:5      | Gained mutation: You are resistant to acid. (rCorr) [Yellow
                  | Draconian growth]
  6500 | D:5      | Reached skill level 5 in Air Magic
  7377 | D:5      | Found a snail-covered altar of Cheibriados.
  7533 | D:6      | Learned a level 4 spell: Airstrike
  7817 | D:6      | Reached skill level 5 in Spellcasting
  7817 | D:6      | Reached XP level 8. HP: 57/57 MP: 7/15
  8726 | D:7      | Found Geannaj's Assorted Antiques.
  9108 | D:7      | Reached skill level 5 in Stealth
  9484 | D:7      | Reached XP level 9. HP: 66/71 MP: 1/16
  9874 | D:7      | Reached skill level 5 in Fighting
 10420 | D:7      | Found Coutel's Hydra Hut.
 10429 | D:7      | Noticed an eight-headed hydra
 10784 | D:8      | Noticed a two-headed ogre
 10986 | D:8      | Killed a two-headed ogre
 10987 | D:8      | Reached skill level 1 in Ranged Weapons
 10992 | D:8      | Reached skill level 2 in Ranged Weapons
 10993 | D:8      | Reached skill level 3 in Ranged Weapons
 11364 | D:8      | Reached skill level 4 in Ranged Weapons
 11745 | D:8      | Reached XP level 10. HP: 72/88 MP: 7/17
 12017 | D:7      | Reached skill level 5 in Ranged Weapons
 13475 | D:8      | Reached skill level 6 in Ranged Weapons
 14247 | D:9      | Noticed an orange crystal statue
 14336 | D:9      | Reached skill level 7 in Ranged Weapons
 14566 | D:9      | Found a staircase to the Orcish Mines.
 15061 | D:10     | Entered Level 10 of the Dungeon
 15156 | D:10     | Reached skill level 8 in Ranged Weapons
 15753 | D:10     | Reached skill level 9 in Ranged Weapons
 15992 | D:10     | Learned a level 5 spell: Irradiate
 17846 | D:10     | Reached skill level 1 in Transmutations
 18436 | D:10     | Reached XP level 11. HP: 66/94 MP: 5/19
 19005 | D:10     | Found Cyreret's Assorted Antiques.
 19666 | D:11     | Noticed a death yak
 19679 | D:11     | Noticed a death yak
 19681 | D:11     | Noticed a death yak
 19682 | D:11     | Noticed a death yak
 19684 | D:11     | Noticed a death yak
 19807 | D:11     | Killed a death yak
 20092 | D:11     | Noticed Erica
 20097 | D:11     | Killed Erica
 20171 | D:11     | Found a staircase to the Lair.
 20229 | D:10     | Killed a death yak
 20230 | D:10     | Reached skill level 5 in Transmutations
 20421 | D:11     | Noticed a wizard
 20423 | Abyss:3  | Cast into level 3 of the Abyss (a wizard)
 20500 | Abyss:3  | Noticed a tentacled starspawn
 20517 | Abyss:3  | HP: 4/94 [/static electricity (2)]
 20517 | Abyss:3  | Slain by a harpy skeleton

Illustrated notes

Levels and vault maps discovered:
D:1:      dpeg_arrival_line_fractal, layout_basic, serial_glass,
          glass_columns_a, glass_columns_a, glass_columns_c, glass_columns_a,
          glass_columns_c, glass_columns_a, glass_columns_a, glass_columns_a,
          glass_columns_b, glass_columns_a, glass_columns_c, glass_columns_b,
          glass_columns_b, glass_columns_a, minivault_27, kennysheep_doodads,
          dk_noncrumbling_4, amcnicky_mini_rare_corridor_liquid,
          minmay_tree_intersection, minmay_misc_feat_roman
D:2:      layout_loops_ring, serial_bayou, serial_bayou_shore_a,
          serial_bayou_ford_a, serial_bayou_crossing, serial_bayou_lagoon_a,
          dreamdust_princess_corridor
D:3:      layout_rooms, serial_shops, shop, minmay_misc_feat_four_crosses
D:4:      layout_basic, uniq_blork_the_orc
D:5:      kennysheep_big_flooded_room, layout_loops_ring, chei_slow_surprise,
          minmay_temple_entry_tees
D:6:      layout_cave_pools
D:7:      layout_cave_pools, serial_gnoll_camp, gnoll_camp_mini_basic,
          gnoll_camp_mini_house, gnoll_camp_mini_basic, gnoll_camp_mini_shop,
          gnoll_camp_mini_basic, kennysheep_crisscross, doesnt_shop_hydraphobe
D:8:      layout_cave_pools, corexii_corridor_pit, grunt_ministairs_4,
          nicolae_figureground_sparkle
D:9:      layout_gridville, minmay_orc_entry_guard_dogs, minivault_16
D:10:     layout_long_grid
D:11:     minmay_smoke_and_mirrors, layout_long_grid, dpeg_lair_monsters,
          muffindrake_ghost_dual_entry, uniq_erica, uniq_sonja
Temple:   regret_index_temple_sigil_plot
Abyss:3:  base: D:10, base: D:1, hangedman_steaming_rock

Skill      XL: |  1  2  3  4  5  6  7  8  9 10 11 |
---------------+----------------------------------+-----
Conjurations   | 2 3 4 5 |  5.0
Spellcasting   | 3 5 7 |  7.0
Hexes          | 1 2 3 |  3.0
Air Magic      | 4 5 7 |  7.0
Stealth        | 5 |  5.0
Fighting       | 3 8 |  8.0
Ranged Weapons | 4 9 |  9.2
Transmutations | 1 5 |  5.7
Dodging        | |  1.7

Action                     |  1- 3 |  4- 6 |  7- 9 | 10-12 || total
---------------------------+-------+-------+-------+-------++-------
  Melee: Unarmed           |    22 |       |       |       ||    22
         Tailslap          |     2 |     1 |       |     9 ||    12
         Dagger            |     1 |    28 |       |    14 ||    43
         Shortbow          |       |       |     2 |       ||     2
         Short sword       |       |       |       |    20 ||    20
   Fire: Shortbow          |       |       |    88 |    88 ||   176
  Throw: Dart              |       |    15 |     7 |     6 ||    28
         Throwing net      |       |       |       |     1 ||     1
   Cast: Shock             |   101 |   126 |   164 |    73 ||   464
         Dazzling Flash    |       |     5 |    12 |    10 ||    27
         Static Discharge  |       |     5 |    35 |    36 ||    76
         Airstrike         |       |       |    38 |    71 ||   109
         Swiftness         |       |       |     3 |     8 ||    11
 Invoke: Call Merchant     |       |       |       |     1 ||     1
Ability: Breathe Acid      |       |       |    12 |    13 ||    25
  Evoke: Wand              |       |       |       |     5 ||     5
    Use: Scroll            |     2 |     2 |       |    13 ||    17
         Potion            |       |     1 |     3 |     1 ||     5
   Stab: Invisible         |       |     2 |       |     1 ||     3
         Sleeping          |       |     1 |       |       ||     1
 Armour: Skin              |    19 |    18 |    41 |    52 ||   130
  Dodge: Dodged            |    28 |    58 |   172 |   216 ||   474

Table legend: (Time is in decaauts)
 A = Elapsed time spent in this place.
 B = Non-inter-level travel time spent in this place.
 C = Inter-level travel time spent in this place.
 D = Time resting spent in this place.
 E = Time spent auto-exploring this place.
 F = Levels seen in this place.
 G = Mean time per level.
                   A        B        C        D        E       F      G
               +--------+--------+--------+--------+--------+-----+--------+
         Total |  20587 |  19907 |    680 |   8817 |   7915 |  13 | 1583.6 |
       Dungeon |  20343 |  19695 |    648 |   8817 |   7757 |  11 | 1849.4 |
        Temple |    149 |    117 |     32 |      0 |     97 |   1 |  149.0 |
         Abyss |     93 |     93 |      0 |      0 |     61 |   1 |   93.0 |
               +--------+--------+--------+--------+--------+-----+--------+

Top non-repeatable levels by time:
    D:10: 3889 daAuts
     D:7: 2545 daAuts
     D:8: 2168 daAuts
     D:1: 1765 daAuts
     D:9: 1759 daAuts
     D:6: 1733 daAuts
     D:4: 1713 daAuts
     D:5: 1666 daAuts
     D:2: 1343 daAuts
     D:3: 973 daAuts
    D:11: 784 daAuts
  Temple: 149 daAuts
 Abyss:3: 93 daAuts
